 Dungeon Crawl Stone Soup version 0.25.0-37-gb73750e0fb (webtiles) character file.

Game seed: 8654120083919637450

47 DocSulfur the Ogre Mage (level 3, -1/31 HPs)
             Began as an Ogre Wizard on July 8, 2020.
             Slain by a worker ant (8 damage)
             ... on level 4 of the Dungeon.
             The game lasted 00:10:35 (2578 turns).

DocSulfur the Ogre Mage (Ogre Wizard)               Turns: 2578, Time: 00:10:36

Health: -1/31      AC:  3    Str: 11    XL:     3   Next: 70%
Magic:  0/8        EV: 14    Int: 20    God:
Gold:   92         SH:  0    Dex:  7    Spells: 2/10 levels left

rFire    . . .     SeeInvis .   k - +0 whip
rCold    . . .     Gourm    .   (no shield)
rNeg     . . .     Faith    .   a - +0 robe
rPois    .         Spirit   .   b - +0 hat
rElec    .         Reflect  .   (no cloak)
rCorr    .         Harm     .   (gloves unavailable)
MR       .....                  (boots unavailable)
Stlth    +.........             (no amulet)
HPRegen  0.10/turn              s - +4 ring of slaying
MPRegen  0.11/turn              e - +4 ring of evasion

@: lethally poisoned (-1 -> -3)
A: large, unfitting armour, tough skin 1
a: no special abilities


You were on level 4 of the Dungeon.
You were hungry.

You visited 1 branch of the dungeon, and saw 4 of its levels.

You collected 92 gold pieces.

Inventory:

Hand Weapons
 g - a +1 short sword
 k - a +0 whip (weapon)
Missiles
 f - 63 stones (quivered)
Armour
 a - a +0 robe (worn)
 b - a +0 hat (worn)
Jewellery
 e - a +4 ring of evasion (right hand)
 s - a +4 ring of slaying (left hand)
 u - an uncursed ring of see invisible
Scrolls
 c - 2 scrolls of teleportation {unknown}
 h - a scroll of remove curse
 i - a scroll of random uselessness {unknown}
 j - 4 scrolls of enchant weapon
 o - a scroll of amnesia
Potions
 n - a potion of berserk rage {unknown}
 p - a potion of flight {unknown}
 q - a potion of ambrosia {unknown}
 r - a potion of haste {unknown}
Comestibles
 d - 2 rations


   Skills:
 - Level 0.1 Maces & Flails
 - Level 1.7 Dodging
 - Level 1.4 Stealth
 + Level 4.3 Spellcasting
 * Level 2.4 Conjurations
 - Level 0.8 Summonings
 - Level 0.8 Translocations
 + Level 0.0 Air Magic
 + Level 0.0 Poison Magic


You had 2 spell levels left.
You knew the following spells:

 Your Spells              Type           Power        Failure   Level  Hunger
a - Magic Dart            Conj           ##..         4%          1    None
b - Blink                 Tloc           N/A          13%         2    #......
c - Call Imp              Summ           #.......     13%         2    #......
d - Mephitic Cloud        Conj/Pois/Air  #.......     26%         3    ###....

Your spell library contained the following spells:

 Spells                   Type           Power        Failure   Level  Hunger
 Slow                     Hex            #.......     19%         2    #......
 Conjure Flame            Conj/Fire      #.......     22%         3    ###....


Dungeon Overview and Level Annotations

Branches:
Dungeon (4/15)
 Temple: D:4-7

Altars:
Elyvilon


Innate Abilities, Weirdness & Mutations

You are too large for most types of armour.
You have tough skin. (AC +1)


Message History

You are feeling hungry.
You feel sick. The worker ant closely misses you.
You feel sick. The worker ant bites you.
* * * LOW HITPOINT WARNING * * *
Casting: Magic Dart (safe; 4% risk of failure)
Confirm with . or Enter, or press ? or * to list all spells.
Aiming: Magic Dart (safe; 4% risk of failure)
Press: ? - help, Shift-Dir - straight line, f/p - worker ant
Aim: a worker ant (heavily wounded)
The magic dart hits the worker ant but does no damage.
The worker ant is heavily wounded.
You feel sick. The worker ant barely misses you.
You barely miss the worker ant.
The worker ant is heavily wounded.
The worker ant closely misses you.
You barely miss the worker ant.
The worker ant is heavily wounded.
The worker ant bites you!
You die...

###....#.......#......
#......#.......#......
###.#....#########......
.........................
#^####.................##
.. #.................+ .
#.................#
#..a..########....#
#..@..# #....# #.....+
#....+ #.....# #....#
#.##### .....# #. .. ###


You could see a worker ant.

Vanquished Creatures
  An ooze (D:1)
  2 dart slugs (D:1)
  2 leopard geckos
  An orc (D:3)
  A ball python (D:2)
  5 goblins
  5 hobgoblins
  4 bats
  A frilled lizard (D:2)
  8 kobolds
  7 rats
37 creatures vanquished.

Notes
Turn   | Place    | Note
-------+----------+-------------------------------------------
     0 | D:1      | DocSulfur the Ogre Wizard began the quest for the Orb.
     0 | D:1      | Reached XP level 1. HP: 16/16 MP: 5/5
    91 | D:1      | Reached skill level 1 in Conjurations
   177 | D:1      | Reached skill level 4 in Spellcasting
   177 | D:1      | Reached XP level 2. HP: 24/24 MP: 5/7
   705 | D:1      | Reached XP level 3. HP: 31/31 MP: 3/8
  1289 | D:2      | Found a white marble altar of Elyvilon.
  2336 | D:3      | Noticed a centaur
  2471 | D:4      | Learned a level 2 spell: Blink
  2475 | D:4      | Learned a level 2 spell: Call Imp
  2479 | D:4      | Learned a level 3 spell: Mephitic Cloud
  2578 | D:4      | Slain by a worker ant

Illustrated notes

Levels and vault maps discovered:
D:1:      ebering_hopf_link, layout_loops_ring, grunt_decor_resistance
D:2:      minmay_chambers_of_ones, layout_basic, elyvilon_altar_5
D:3:      layout_rooms, lemuel_doored_altar,
          chequers_temple_overflow_minitemple, minivault_27
D:4:      layout_gridville, minmay_temple_entry_slanted, serial_shops, shop,
          first_ration, minmay_misc_feat_columns, lemuel_tele_altar

Skill      XL: |  1  2 |
---------------+-------+-----
Conjurations   | 1 2 |  2.4
Spellcasting   | 4 |  4.3
Maces & Flails | |  0.1
Dodging        | |  1.7
Stealth        | |  1.4
Summonings     | |  0.8
Translocations | |  0.8

Action                   || total
-------------------------++-------
Melee: Unarmed           ||     4
       Short sword       ||    18
       Whip              ||     5
 Cast: Magic Dart        ||    92
       Blink             ||     2
  Use: Scroll            ||     6
 Stab: Sleeping          ||     1
  Eat: Ration            ||     1
       Chunk             ||     1
Armor: Robe              ||     3
Dodge: Dodged            ||    38
